 Dungeon Crawl Stone Soup version 0.17.1-1-g73c8601 (webtiles) character file.

44 ololoev the Chopper (level 3, -1/29 HPs)
             Began as a Demonspawn Fighter on Dec 18, 2015.
             Slain by a gnoll (4 damage)
             ... on level 4 of the Dungeon.
             The game lasted 00:03:21 (556 turns).

ololoev the Chopper (Demonspawn Fighter)             Turns: 556, Time: 00:03:21

Health: -1/29      AC:  6    Str: 17    XL:     3   Next: 41%
Magic:  0/3        EV:  6    Int:  9    God:
Gold:   25         SH:  8    Dex: 12    Spells: 0 memorised, 2 levels left

rFire  x . .     SeeInvis .     a - +0 war axe
rCold  + . .     Clarity  .     b - +0 scale mail
rNeg   . . .     SustAt   +     c - +0 shield
rPois  .         Gourm    .     (no helmet)
rElec  .         Spirit   +     (no cloak)
rCorr  .         Warding  .     (no gloves)
rMut   .         Stasis   .     (no boots)
MR     .....                    (no amulet)
Stlth  ..........               i - ring of ice
                                f - ring of sustain attributes

@: not resistant to hostile enchantments, extremely unstealthy
A: hooves 1, magic shield
a: no special abilities


Innate Abilities, Weirdness & Mutations

You have large cloven feet.
When hurt, damage is shared between your health and your magic reserves.

Inventory:

Hand Weapons
 a - a +0 war axe (weapon)
Armour
 b - a +0 scale mail (worn)
 c - a +0 shield (worn)
Jewellery
 f - a ring of sustain attributes (left hand)
 i - a ring of ice (right hand)
Scrolls
 g - a scroll of remove curse {unknown}
 l - a scroll of magic mapping {unknown}
Potions
 d - a potion of might
 j - a potion of agility {unknown}
 k - a potion of ambrosia {unknown}
Comestibles
 e - 2 bread rations
 h - 3 meat rations


   Skills:
 - Level 3.0 Fighting
 + Level 3.5 Axes
 - Level 2.6 Armour
 - Level 2.6 Shields


You had 2 spell levels left.
You didn't know any spells.


You were on level 4 of the Dungeon.
You were not hungry.

You visited 1 branch of the dungeon, and saw 4 of its levels.

You collected 25 gold pieces.

##+##'##
#...##..##..#
####...##......#
........#......#
.g.....#......+
#....##......#
##g.##..#####
#.gga...##..
#..@........+
#...........#
###+##..#####
#..# #..# ...#
..#

Notes
Turn   | Place    | Note
--------------------------------------------------------------
     0 | D:1      | ololoev the Demonspawn Fighter began the quest for the Orb.
     0 | D:1      | Reached XP level 1. HP: 18/18 MP: 1/1
   176 | D:2      | Gained mutation: You have large cloven feet. [demonic ancestry]
   176 | D:2      | Reached XP level 2. HP: 13/24 MP: 2/2
   484 | D:3      | Gained mutation: When hurt, damage is shared between your health and your magic reserves. [demonic ancestry]
   484 | D:3      | Reached XP level 3. HP: 16/29 MP: 3/3
   556 | D:4      | Slain by a gnoll

Dungeon Overview and Level Annotations

Branches:
Dungeon (4/15)
 Temple: D:4-7

Altars:


Message History

There is a stone staircase leading down here.
l - a scroll labeled HYAHUL NAPH
There is a stone staircase leading down here.
You open the door.
There is an open door here.
There is a stone staircase leading down here.
You climb downwards.
Found 29 stones, 18 bolts, a meat ration and a ring mail.
Found a stone staircase leading up.
There is a stone staircase leading up here.
h - 3 meat rations (gained 1)
You open the door.
There is an open door here.
You open the door.
There is an open door here.
You open the door.
There is an open door here. 4 gnolls come into view.
The gnoll shouts! x4
The gnoll moves out of view.
A worker ant comes into view.
The worker ant twitches its antennae in your direction.
The gnoll hits you. The gnoll hits you but does no damage.
You slash the gnoll! Your kick misses the gnoll.
The gnoll is heavily wounded.
You hit the gnoll.
The gnoll is moderately wounded.
The gnoll hits you but does no damage.
The gnoll hits you from afar with a halberd.
You block the gnoll's attack. x2
The worker ant bites you.
You closely miss the gnoll. You kick the gnoll, but do no damage.
The gnoll is heavily wounded.
You slash the gnoll!
You kill the gnoll!
You hit the worker ant.
The worker ant is lightly wounded.
The gnoll closely misses you. The worker ant bites you.
You block the gnoll's attack. The worker ant bites you. The gnoll hits you.
You die...

You could see a worker ant and 3 gnolls.

Vanquished Creatures
  A gnoll (D:4)
  A worm (D:2)
  3 orcs (D:3)
  4 giant cockroaches
  A goblin (D:2)
  4 hobgoblins
  8 kobolds
  2 bats
  5 rats
29 creatures vanquished.

Action                   || total
-------------------------++-------
Melee: War axe           ||   120

Vault maps used:
D:1:      saegor_arrival_miasma, minmay_three_crescents
D:2:      first_bread
D:4:      grunt_temple_overflow_cloverleaf
